 Dungeon Crawl Stone Soup version 0.27.1-34-g3ba077fa99 (webtiles) character file.

Game seed: 6666963117721286557

96 MacCMillion the Stinger (level 4, -5/24 HPs)
             Began as a Tengu Venom Mage on Jan 3, 2022.
             Killed from afar by an orc wizard (7 damage)
             ... with a magic dart
             ... on level 3 of the Dungeon.
             The game lasted 00:17:56 (3309 turns).

MacCMillion the Stinger (Tengu Venom Mage)          Turns: 3309, Time: 00:17:56

Health: -5/24      AC:  2    Str:  8    XL:     4   Next: 67%
Magic:  4/8        EV: 12    Int: 16    God:
Gold:   52         SH:  0    Dex: 15    Spells: 1/7 levels left

rFire    . . .     SeeInvis .   a - +0 dagger
rCold    . . .     Faith    .   (no shield)
rNeg     . . .     Spirit   .   n - +0 robe
rPois    .         Reflect  .   (helmet restricted)
rElec    .         Harm     .   (no cloak)
rCorr    .         Rampage  .   (no gloves)
Will     .....                  (boots unavailable)
Stlth    ++........             (no amulet)
HPRegen  0.08/turn              q - +4 ring of slaying
MPRegen  0.11/turn              (no ring)

@: no status effects
A: beak, talons 3
a: no special abilities


You were on level 3 of the Dungeon.
You visited 1 branch of the dungeon, and saw 3 of its levels.

You collected 52 gold pieces.

Inventory:

Hand Weapons
 a - a +0 dagger (weapon)
Missiles
 f - 6 poisoned darts
 g - 8 boomerangs
 o - 4 javelins
Armour
 n - a +0 robe (worn)
Jewellery
 q - a +4 ring of slaying (left hand)
Scrolls
 b - a scroll of silence {unknown}
 e - 2 scrolls of identify {unknown}
 h - 3 scrolls of teleportation
 l - a scroll of summoning {unknown}
Potions
 c - a potion of attraction
 d - a potion of heal wounds
 i - a potion of ambrosia {unknown}
 j - a potion of flight {unknown}
 k - 2 potions of curing {unknown}
 m - a potion of magic {unknown}
 p - a potion of brilliance {unknown}


   Skills:
 - Level 2.1 Dodging
 + Level 2.8 Stealth
 - Level 2.1 Spellcasting
 - Level 1.0 Transmutations
 + Level 2.0 Air Magic
 * Level 4.4 Poison Magic


You had one spell level left.
You knew the following spells:

 Your Spells              Type           Power      Damage    Failure   Level
a - Sting                 Tmut/Pois      40%        1d5       7%          1
b - Poisonous Vapours     Pois/Air       24%        N/A       9%          2
c - Mephitic Cloud        Conj/Pois/Air  8%         N/A       26%         3

Your spell library contained the following spells:

 Spells                   Type           Power      Damage    Failure   Level
 Foxfire                  Conj/Fire      4%         2x1d4     21%         1
 Ignite Poison            Fire/Tmut/Pois 7%         N/A       28%         3
 Sublimation of Blood     Necr           0%         N/A       30%         2
 Olgreb's Toxic Radiance  Pois           15%        N/A       32%         4
 Bolt of Magma            Conj/Fire/Erth 0%         4d4       99%         5
 Death's Door             Necr           0%         N/A       100%        9


Dungeon Overview and Level Annotations

Branches:
Dungeon (3/15)

Altars:


Innate Abilities, Weirdness & Mutations

You have a beak for a mouth.
You have claws for feet.


Message History

Aiming: Poisonous Vapours (safe; 9% risk of failure)
Press: ? - help, Dir - move target, f - orc wizard
Aim: an orc wizard, wielding a +0 dagger and wearing a +0 robe (wandering, hasn't noticed you) Poisonous vapours surround the orc wizard!
The orc wizard is poisoned.
The orc wizard shouts!
Unknown command.
Casting: Poisonous Vapours (safe; 9% risk of failure)
Confirm with . or Enter, or press ? or * to list all spells.
Aiming: Poisonous Vapours (safe; 9% risk of failure)
Press: ? - help, Dir - move target, f/p - orc wizard
Aim: an orc wizard, wielding a +0 dagger and wearing a +0 robe (lightly wounded, poisoned)
You miscast Poisonous Vapours.
You are very lightly contaminated with residual magic.
Nothing appears to happen.
The orc wizard points at you and mumbles some strange words.
The puff of flame hits you!
Unknown command.
Unknown command.
The orc wizard looks more healthy.
The orc wizard casts a spell at you. The magic dart hits you!
Your magical contamination has completely faded away.
Casting: Poisonous Vapours (safe; 9% risk of failure)
Confirm with . or Enter, or press ? or * to list all spells.
Aiming: Poisonous Vapours (safe; 9% risk of failure)
Press: ? - help, Dir - move target, f/p - orc wizard
Aim: an orc wizard, wielding a +0 dagger and wearing a +0 robe (moderately wounded) Poisonous vapours surround the orc wizard!
The orc wizard is poisoned.
The orc wizard casts a spell at you. The puff of flame hits you!
* * * LOW HITPOINT WARNING * * *
Unknown command.
Unknown command.
There is an open door here.
You close the door.
The orc wizard gestures at you while chanting.
The magic dart hits you!
You die...

.#######.##..............#.####..
.# #†# ######.......#.# #..
.#######.# #.......#.# #..
.#.......# ##'######.# #..
.#.################.# #.# #..
##.#### #.......##.# #.# #..
.#....####+#####.##.######.####..
##....#.......<#.##...........#.#
.#....#........#@##.....##.##.#.#
.#.........o.(...##.....##.##.#.#
.#..o..........####.....##.##.#.#
##....)..........†............#.#
.................##.#..)##.####.#
###....###.......##.#...........#
# ###### #..........#......######
# ######.....#.†....# #...
#.....#......# #.##


You could see an orc wizard.

Vanquished Creatures
  3 adders
  An ufetubus (D:3)
  A dart slug (D:1)
  An orc (D:3)
  An endoplasm (D:2)
  11 giant cockroaches
  5 goblins
  5 hobgoblins
  4 quokkas
  2 ball pythons (D:1)
  4 bats
  7 frilled lizards
  5 kobolds
  11 rats
61 creatures vanquished.

Notes
Turn   | Place    | Note
-------+----------+-------------------------------------------
     0 | D:1      | MacCMillion the Tengu Venom Mage began the quest for the
                  | Orb.
     0 | D:1      | Reached XP level 1. HP: 10/10 MP: 4/4
   204 | D:1      | Reached skill level 1 in Transmutations
   204 | D:1      | Reached XP level 2. HP: 15/15 MP: 4/6
   297 | D:1      | Found a faded altar of an unknown god.
   299 | D:1      | Noticed a floating eye
   303 | D:1      | Noticed a golden eye
   324 | D:1      | Noticed an eye of devastation
   324 | D:1      | Noticed a golden eye
   513 | D:1      | Learned a level 2 spell: Poisonous Vapours
  1125 | D:2      | Reached XP level 3. HP: 19/19 MP: 5/7
  1467 | D:2      | Reached skill level 1 in Air Magic
  1675 | D:2      | Reached skill level 4 in Poison Magic
  2113 | D:3      | Reached XP level 4. HP: 24/24 MP: 6/8
  2156 | D:3      | Learned a level 3 spell: Mephitic Cloud
  2700 | D:3      | Got Hiruhiw's Tome of Sinister Fire
  2972 | D:3      | Paralysed by an orc for 7 turns
  3148 | D:3      | HP: 1/24 [poisoned by an adder]
  3297 | D:3      | HP: 1/24 [orc wizard/puff of flame (7)]
  3309 | D:3      | Killed from afar by an orc wizard

Illustrated notes

Levels and vault maps discovered:
D:1:      mrwooster_arrival_arrow, layout_rooms,
          hellmonk_ecumenical_altar_watching_god
D:2:      minmay_roachtagon, layout_loops_cross, roderic_lattice_a
D:3:      layout_basic

Skill      XL: |  1  2  3  4 |
---------------+-------------+-----
Transmutations | 1 |  1.0
Air Magic      | 1 2 |  2.0
Poison Magic   | 4 |  4.4
Dodging        | |  2.1
Stealth        | |  2.8
Spellcasting   | |  2.1

Action                   |  1- 3 |  4- 6 || total
-------------------------+-------+-------++-------
Melee: Unarmed           |     1 |       ||     1
       Peck              |     1 |       ||     1
       Dagger            |       |     3 ||     3
 Cast: Sting             |    57 |    23 ||    80
       Poisonous Vapours |     6 |    11 ||    17
  Use: Potion            |       |     2 ||     2
       Scroll            |       |     1 ||     1
Armor: Robe              |     2 |     2 ||     4
Dodge: Dodged            |    10 |     7 ||    17
